 Dungeon Sprint DCSS version 0.17-a0-1534-gf98da79 (webtiles) character file.

123 ztt the Fighter (level 5, -3/68 HPs)
             Began as an Ogre Fighter on July 17, 2015.
             Was a Believer of Cheibriados.
             Killed by divine providence
             ... invoked by a deep elf priest
              (8 damage)
             ... in the Dungeon (Sprint V: "Ziggurat Sprint").
             The game lasted 00:02:27 (324 turns).

ztt the Fighter (Ogre Fighter)                       Turns: 324, Time: 00:02:27

Health: -3/68      AC: 18    Str: 26    XL:     5   Next: 7%
Magic:  5/5        EV:  1    Int: 11    God:    Cheibriados [**....]
Gold:   0          SH:  0    Dex: 13    Spells: 0 memorised, 4 levels left

rFire  + . .     SeeInvis .     a - +0 flail
rCold  + . .     Clarity  .     l - +5 gold dragon armour
rNeg   . . .     SustAt   .     c - +0 shield
rPois  +         Gourm    .     (helmet restricted)
rElec  .         Spirit   .     (no cloak)
rCorr  .         Warding  .     (gloves unavailable)
rMut   .         NoTele   +     (boots unavailable)
MR     .....                    (no amulet)
Stlth  ..........               (no ring)
                                (no ring)

@: held, very slow, not resistant to hostile enchantments, extremely unstealthy
A: unfitting armour, tough skin 1
a: Bend Time, Renounce Religion


You were in the Dungeon.
You worshipped Cheibriados.
Cheibriados was pleased with you.
You were not hungry.

You visited 1 branch

Inventory:

Hand weapons
 a - a +0 flail (weapon)
 m - a +5 giant club
 n - a +5 giant spiked club
Armour
 b - a +0 robe
 c - a +0 shield (worn)
 l - a +5 gold dragon armour (worn)
Jewellery
 C - a +6 ring of dexterity
 D - a +6 ring of dexterity
 E - a +6 ring of intelligence
 F - a +6 ring of intelligence
 G - a +6 ring of strength
 H - a +6 ring of strength
Magical devices
 I - a wand of disintegration (7)
 J - a wand of fire (5)
 K - a wand of cold (5)
 L - a wand of draining (5)
Scrolls
 k - 4 scrolls of blinking
 t - 4 scrolls of amnesia
 u - 3 scrolls of recharging
 v - 7 scrolls of fog
 w - a scroll of holy word
 x - 5 scrolls of identify
 y - 5 scrolls of remove curse
 z - 2 scrolls of fear
Potions
 d - 6 potions of might
 f - 10 potions of curing
 g - 5 potions of heal wounds
 i - 7 potions of magic
 o - 2 potions of brilliance
 p - 2 potions of invisibility
 q - 4 potions of resistance
 s - 5 potions of agility
Comestibles
 e - 5 bread rations
 A - 42 fruits
 B - 4 meat rations


   Skills:
 + Level 9.8 Fighting
 + Level 8.0 Maces & Flails
 + Level 1.7 Armour
 + Level 4.4 Dodging
 + Level 4.5 Shields


You had 4 spell levels left.
You didn't know any spells.

Dungeon Overview and Level Annotations

Branches:
Dungeon (1/1)

Altars:
Ashenzari
Cheibriados
Dithmenos
Elyvilon
Fedhas
Gozag
Kikubaaqudgha
Makhleb
Nemelex Xobeh
Okawaru
Qazlal
Ru
Sif Muna
Trog
Vehumet
Xom
Yredelemnul
Zin
The Shining One
Beogh
Jiyva
Lugonu


Innate Abilities, Weirdness & Mutations

You are too large for most types of armour.
You have tough skin (AC +1).


Message History

* * * LOW HITPOINT WARNING * * *
The deep elf fighter hits you but does no damage.
Unknown command.
Drink which item? (? for menu, Esc to quit)
You feel much better. The jumping spider pounces on you!
You are even more entangled.
The jumping spider bites you but does no damage.
The jumping spider pounces on you!
* * * LOW HITPOINT WARNING * * *
The jumping spider bites you but does no damage.
The jumping spider pounces on you but does no damage.
The jumping spider bites you.
* * * LOW HITPOINT WARNING * * *
The jumping spider pounces on you but does no damage.
The jumping spider bites you.
* * * LOW HITPOINT WARNING * * *
The deep elf summoner gestures wildly while chanting.
The deep elf priest calls down the wrath of its god upon you.
Something smites you!
You die...

▓▓▓▓▓▓▓▓▓▓▓▓▓▓▓▓▓▓▓
▓.8©8.▓.8©8.▓.8©8.▓
▓.|[[.▓.}):.▓.....▓
▓..)..▓.....▓.:.[.▓
▓sesss▓.....▓..)..▓
▓eesr.▓.....▓..†..▓
▓.@.e.▓.....▓.....▓
▓s....▓.....▓▓▓▓▓▓▓
▓▓▓▓▓▓▓▓▓▓▓▓▓


You could see a demonic crawler, a deep elf knight, a deep elf summoner, 2
jumping spiders, a deep elf priest, a tarantella, 2 redbacks, a deep elf fighter
and a hell rat.

Vanquished Creatures
  A naga (D)
  A mummy (D)
  An adder zombie (D)
  A ball python (D)
  A giant gecko zombie (D)
5 creatures vanquished.

Notes
Turn   | Place    | Note
--------------------------------------------------------------
     0 | D        | ztt the Ogre Fighter began the quest for the Orb.
     0 | D        | Reached XP level 1. HP: 24/24 MP: 1/1
     3 | D        | Found an iron altar of Okawaru.
     3 | D        | Found a radiant altar of Vehumet.
     3 | D        | Found a shimmering altar of Xom.
     3 | D        | Found a burning altar of Makhleb.
    21 | D        | Found a deep blue altar of Sif Muna.
    23 | D        | Found a roughly hewn altar of Beogh.
    23 | D        | Found a corrupted altar of Lugonu.
    23 | D        | Found a viscous altar of Jiyva.
    23 | D        | Found a white marble altar of Elyvilon.
    23 | D        | Found a sparkling altar of Nemelex Xobeh.
    23 | D        | Found a bloodstained altar of Trog.
    57 | D        | Became a worshipper of Cheibriados the Contemplative
    70 | D        | Reached skill level 7 in Fighting
    70 | D        | Reached XP level 2. HP: 30/41 MP: 2/2
   147 | D        | Entered arena 1.
   147 | D        | Noticed a naga
   175 | D        | Killed a naga
   175 | D        | Acquired Cheibriados's first power
   175 | D        | Reached skill level 9 in Fighting
   175 | D        | Reached skill level 1 in Armour
   175 | D        | Reached XP level 3. HP: 34/52 MP: 3/3
   175 | D        | Reached XP level 4. HP: 38/59 MP: 4/4
   296 | D        | Identified the Almanac of Torrid Necromancy (You found it in the Dungeon)
   298 | D        | Entered arena 2.
   305 | D        | Reached XP level 5. HP: 63/68 MP: 5/5
   319 | D        | Entered arena 3.
   319 | D        | Noticed a deep elf priest
   319 | D        | Noticed a deep elf knight
   319 | D        | Noticed a deep elf summoner
   319 | D        | Noticed a deep elf fighter
   320 | D        | Noticed a jumping spider
   320 | D        | Noticed a jumping spider
   322 | D        | Noticed a tarantella
   324 | D        | Killed from afar by a deep elf priest

Vault maps used:
D:        sprint_v

Action                   |  1- 3 |  4- 6 || total
-------------------------+-------+-------++-------
Melee: Flail             |    23 |    16 ||    39
  Use: Potion            |     5 |     1 ||     6
